 Dungeon Crawl Stone Soup version 0.32-a0-656-g3542139ebd (webtiles) character file.

Game seed: 367329376151622243

9 seren the Trooper (level 2, 24/24 HPs)
             Began as a Demonspawn Fighter on Mar 8, 2024.
             Got out of the dungeon alive.
             The game lasted 00:00:31 (288 turns).

seren the Trooper (Demonspawn Fighter)               Turns: 288, Time: 00:00:31

Health: 24/24      AC:  6    Str: 16    XL:     2   Next: 6%
Magic:  2/2        EV:  8    Int:  8    God:
Gold:   35         SH:  4    Dex: 12    Spells: 1/1 levels left

rFire   . . .        a - +0 trident
rCold   . . .        c - +0 buckler
rNeg    . . .        b - +0 scale mail
rPois   .            (no helmet)
rElec   .            (no cloak)
rCorr   .            (no gloves)
SInv    .            (no boots)
Will    +....        (no amulet) Stlth
                     e - ring of willpower
HPRegen 0.24/turn    (no ring)
MPRegen 0.08/turn

%: no passive effects
@: no status effects
A: demonic touch 1
a: no special abilities


You escaped.
You visited 1 branch of the dungeon, and saw 1 of its levels.

You collected 35 gold pieces.

Inventory:

Hand Weapons
 a - a +0 trident (weapon)
Armour
 b - a +0 scale mail (worn)
 c - a +0 buckler (worn)
Jewellery
 e - a ring of willpower (left hand)
Potions
 d - a potion of might
 f - a potion of resistance {unknown}


   Skills:
 + Level 3.1 Fighting
 + Level 2.0 Polearms
 + Level 2.8 Armour
 + Level 2.8 Shields


You had one spell level left.
You didn't know any spells.
Your spell library was empty.

Dungeon Overview and Level Annotations

Branches:
Dungeon (1/15)

Altars:


Innate Abilities, Weirdness & Mutations

Your touch may inflict minor irresistible damage on your foes.


Message History

A kobold comes into view. It is wielding a +0 whip.
The rat barely misses you.
You barely miss the rat.
The kobold shouts!
The rat bites you but does no damage.
You hit the rat.
The rat is moderately wounded.
The rat barely misses you.
You closely miss the rat.
The rat is moderately wounded.
You block the rat's attack. The rat completely misses you.
You barely miss the rat.
The rat is moderately wounded.
The rat bites you but does no damage.
You closely miss the rat.
The rat is moderately wounded.
The rat bites you.
You hit the rat.
You kill the rat!
You closely miss the kobold. The kobold hits you with a +0 dagger.
The kobold hits you but does no damage.
You hit the kobold.
You kill the kobold!
You have reached level 2!
Your demonic ancestry asserts itself...
Your hands begin to faintly glow with unholy energy.
You barely miss the rat. The rat bites you but does no damage.
You hit the rat.
You kill the rat!
You closely miss the kobold. The kobold hits you but does no damage.
You hit the kobold but do no damage. The kobold hits you with a +0 whip.
You block the kobold's attack.
You barely miss the kobold. You block the kobold's attack.
You hit the kobold.
You kill the kobold!
No target in view!
There is an open gate here.
There is an open door here.
There is a staircase leading out of the dungeon here.
You have escaped!

####...)#)#...#.....ß..'÷..#
#.......'.#...#ß.⌠.....'...#
#.##....#.'...#........'...#
#.##....#.#####.ß.ß...##..♣#
#.####♣.#.....#.......#♣..♣
#.# ♣.##....#####'###♣..♣
#.# ♣.♣###.>#.)...# ♣..♣♣
#.# ♣...♣####.....#♣♣..♣ #.#
#...♣♣ #.@..##♣...# #.#
##...♣♣♣#....#♣♣..♣# #.##
##.....######♣...# ...#
#♣.....♣ ♣♣..♣# .#.#
#.....♣♣♣♣♣...# ...#
#♣...........♣# .#.#
♣♣♣♣.......♣♣ ###.#
♣...♣♣♣♣# #.. ##♣♣#


There were no monsters in sight!

Vanquished Creatures
  2 goblins (D:1)
  A hobgoblin (D:1)
  A quokka (D:1)
  A bat (D:1)
  3 kobolds (D:1)
  3 rats (D:1)
11 creatures vanquished.

Notes
Turn   | Place    | Note
-------+----------+-------------------------------------------
     0 | D:1      | seren the Demonspawn Fighter began the quest for the Orb.
     0 | D:1      | Reached XP level 1. HP: 18/18 MP: 1/1
   233 | D:1      | Gained mutation: Your touch may inflict minor irresistible
                  | damage on your foes. [demonic ancestry]
   233 | D:1      | Reached XP level 2. HP: 21/24 MP: 2/2
   288 | D:$      | Got out of the dungeon alive.

Illustrated notes

Levels and vault maps discovered:
D:1:      sevenhm_arrival_forest_fort_large_3, layout_loops_ring,
          minmay_shallow_snake_nest

Skill      XL: |  1 |
---------------+----+-----
Polearms       | 2 |  2.0
Fighting       | |  3.1
Armour         | |  2.8
Shields        | |  2.8

Action                     || total
---------------------------++-------
  Melee: Trident           ||    37
 Armour: Scale mail        ||    25
  Dodge: Dodged            ||     8
  Block: Buckler           ||     6

Table legend: (Time is in decaauts)
 A = Elapsed time spent in this place.
 B = Non-inter-level travel time spent in this place.
 C = Inter-level travel time spent in this place.
 D = Time resting spent in this place.
 E = Time spent auto-exploring this place.
 F = Levels seen in this place.
 G = Mean time per level.
                   A        B        C        D        E       F      G
               +--------+--------+--------+--------+--------+-----+--------+
         Total |    296 |    248 |     48 |      0 |    169 |   1 |  296.0 |
       Dungeon |    296 |    248 |     48 |      0 |    169 |   1 |  296.0 |
               +--------+--------+--------+--------+--------+-----+--------+

Top non-repeatable levels by time:
     D:1: 296 daAuts
